 Dungeon Crawl Stone Soup version 0.27.1-4-g1640c2035a (webtiles) character file.

Game seed: 4475952501655006548

746 Crownlay the Carver (level 7, 0/96 HPs)
             Began as a Minotaur Berserker on Nov 6, 2021.
             Was a Believer of Trog.
             Slain by an orc (3 damage)
             ... on level 4 of the Dungeon.
             The game lasted 00:09:12 (3877 turns).

Crownlay the Carver (Minotaur Berserker)            Turns: 3877, Time: 00:09:12

Health: 0/96       AC:  3    Str: 23    XL:     7   Next: 48%
Magic:  6/6        EV: 12    Int:  4    God:    Trog [**....]
Gold:   99         SH:  0    Dex: 10    Spells: 6/6 levels left

rFire    . . .     SeeInvis .   a - +0 falchion
rCold    . . .     Faith    .   (no shield)
rNeg     . . .     Spirit   .   h - +0 robe {Will+}
rPois    .         Reflect  .   (helmet restricted)
rElec    .         Harm     .   m - +0 cloak
rCorr    .         Rampage  .   (no gloves)
Will     +++..                  (no boots)
Stlth    ..........             (no amulet)
HPRegen  1.26/turn              (no ring)
MPRegen  0.10/turn              (no ring)

@: berserking (expiring), strong-willed, regenerating, very quick
A: horns 2, retaliatory headbutt
a: Renounce Religion, Berserk, Trog's Hand


You were on level 4 of the Dungeon.
You worshipped Trog.
Trog was pleased with you.
You visited 1 branch of the dungeon, and saw 4 of its levels.

You collected 99 gold pieces.

Inventory:

Hand Weapons
 a - a +0 falchion (weapon)
Armour
 h - a +0 robe of willpower (worn)
 m - a +0 cloak (worn)
Wands
 i - a wand of flame (27)
Scrolls
 d - 2 scrolls of fear
 f - a scroll of immolation {unknown}
 g - a scroll of teleportation {unknown}
 k - a scroll of magic mapping {unknown}
 n - a scroll of enchant weapon {unknown}
Potions
 b - 3 potions of curing {unknown}
 c - a potion of brilliance {unknown}
 e - 2 potions of heal wounds {unknown}
 j - 2 potions of berserk rage {unknown}
 l - a potion of ambrosia {unknown}


   Skills:
 + Level 6.7 Fighting
 * Level 9.0 Long Blades
 - Level 2.4 Armour
 - Level 2.1 Dodging


You had 6 spell levels left.
You didn't know any spells.
Your spell library was empty.

Dungeon Overview and Level Annotations

Branches:
Dungeon (4/15)
 Temple: D:4-7

Altars:
Hepliaklqana
Ru


Innate Abilities, Weirdness & Mutations

You have a pair of horns on your head.
You reflexively headbutt those who attack you in melee.


Message History

You feel yourself moving faster!
You feel mighty! The orc priest closely misses you.
You riposte.
You slash the orc priest!
You kill the orc priest!
Trog accepts your kill.
Your Long Blades skill increases to level 9!
You feel a strong urge to attack something.
The orc hits you but does no damage. The orc misses you.
Items here: ))) [ ††.
You hit the orc. Your headbutt misses the orc.
The orc is heavily wounded.
The orc barely misses you. The orc misses you.
You slash the orc!
You kill the orc!
Trog accepts your kill.
Found a stone staircase leading up.
The orc hits you with a +0 hand axe. The orc barely misses you.
The orc hits you with a +0 mace!
* * * LOW HITPOINT WARNING * * *
Things that are here:
a +0 hand axe; a +0 trident; a +0 leather armour You slash the orc!
You kill the orc!
Trog accepts your kill. The orc hits you with a +0 hand axe.
* * * LOW HITPOINT WARNING * * *
You closely miss the orc. You headbutt the orc.
You kill the orc!
Trog accepts your kill. The orc hits you but does no damage.
You slash the orc!
You kill the orc!
Trog accepts your kill.
The orc hits you with a +2 dagger of electrocution.
* * * LOW HITPOINT WARNING * * *
You are electrocuted!
* * * LOW HITPOINT WARNING * * *
Things that are here:
a +2 hand axe of flaming; 3 boomerangs of dispersal You barely miss the orc.
The orc hits you with a +2 dagger of electrocution.
You die...

..#..#..#<........
..#..#..#.........
........#.......(
........#......#
.......#......#
......#......# ##.
#..##)o...#
...#.(.))@...#
#####.#.###)....#
...................#
#####...#.########$..#
..#...........# ..#
..#...#...#.#.# .#
#.......†..<#.# #
#...#.##.##.#.####
#..........†.......


You could see an orc.

Vanquished Creatures
  Sigmund (D:2)
  A black bear (D:3)
  A necrophage (D:4)
  A scorpion (D:2)
  3 wights (D:3)
  An orc priest (D:4)
  Crazy Yiuf (D:2)
  An iguana (D:4)
  Robin (D:2)
  2 adders (D:2)
  A worm (D:2)
  A dart slug (D:1)
  10 orcs
  3 ball pythons
  8 bats
  2 endoplasms (D:1)
  6 giant cockroaches
  12 goblins
  10 hobgoblins
  9 kobolds
  4 quokkas
  3 frilled lizards
  15 rats
97 creatures vanquished.

Notes
Turn   | Place    | Note
-------+----------+-------------------------------------------
     0 | D:1      | Crownlay the Minotaur Berserker began the quest for the
                  | Orb.
     0 | D:1      | Reached XP level 1. HP: 19/19 MP: 0/0
   270 | D:1      | Reached skill level 4 in Long Blades
   350 | D:1      | Reached XP level 2. HP: 27/27 MP: 1/1
   365 | D:1      | Found a faded altar of an unknown god.
   990 | D:1      | Reached XP level 3. HP: 33/33 MP: 2/2
  1220 | D:2      | Found a hazy altar of Hepliaklqana.
  1353 | D:2      | Noticed Sigmund
  1361 | D:2      | Killed Sigmund
  1361 | D:2      | Reached ** piety under Trog
  1362 | D:2      | Reached skill level 5 in Fighting
  1362 | D:2      | Reached skill level 6 in Long Blades
  1362 | D:2      | Reached XP level 4. HP: 42/42 MP: 3/3
  1362 | D:2      | Reached XP level 5. HP: 48/48 MP: 4/4
  1459 | D:2      | Found a runed translucent door.
  1460 | D:2      | Noticed Crazy Yiuf
  1505 | D:2      | Noticed Robin
  1519 | D:2      | Reached skill level 7 in Long Blades
  1519 | D:2      | Reached XP level 6. HP: 25/56 MP: 5/5
  1779 | D:2      | Killed Robin
  2369 | D:2      | Killed Crazy Yiuf
  2808 | D:3      | Found a sacrificial altar of Ru.
  2861 | D:3      | Reached skill level 8 in Long Blades
  2865 | D:3      | Reached XP level 7. HP: 22/63 MP: 6/6
  3869 | D:4      | Reached skill level 9 in Long Blades
  3876 | D:4      | HP: 3/96 [orc (16)]
  3877 | D:4      | Slain by an orc

Illustrated notes

Levels and vault maps discovered:
D:1:      evilmike_arrival_plus, layout_loops_corners,
          hellmonk_ecumenical_altar_leap_of_faith
D:2:      minmay_diamond_boxcup, layout_rooms, basic_altar,
          minmay_rat_gold_closets, uniq_robin, uniq_crazy_yiuf_cottage,
          uniq_sigmund
D:3:      layout_basic, nicolae_ru_awakened_eye
D:4:      minmay_goblin_kobold_castle, layout_basic,
          grunt_temple_overflow_order_and_chaos_1, nicolae_vehumet_altar_sigil,
          ebering_ghost_sewer_d

Skill      XL: |  1  2  3  4  5  6  7 |
---------------+----------------------+-----
Long Blades    | 4 6 7 8 9 |  9.0
Fighting       | 4 5 6 |  6.7
Armour         | |  2.4
Dodging        | |  2.1

Action                   |  1- 3 |  4- 6 |  7- 9 || total
-------------------------+-------+-------+-------++-------
Melee: Falchion          |    66 |    75 |    44 ||   185
       Headbutt          |    10 |    17 |    10 ||    37
Invok: Berserk           |     1 |     3 |     2 ||     6
       Trog's Hand       |       |     5 |     1 ||     6
  Use: Scroll            |       |       |     1 ||     1
 Stab: Sleeping          |     1 |       |       ||     1
Armor: Animal skin       |    12 |       |       ||    12
       Robe              |       |    16 |     3 ||    19
Dodge: Dodged            |    34 |    54 |    19 ||   107
       Rpst.: Falchion   |     8 |    12 |     2 ||    22
